 Dungeon Crawl Stone Soup version 0.21-a0-216-g6d3fd91 (webtiles) character file.

232 Blomdor the Chopper (level 6, -5/47 HPs)
             Began as a Barachi Hunter on Aug 24, 2017.
             Slain by a gnoll
             ... wielding a +0 halberd
              (20 damage)
             ... on level 3 of the Dungeon.
             The game lasted 00:04:05 (2027 turns).

Blomdor the Chopper (Barachi Hunter)                Turns: 2027, Time: 00:04:06

Health: -5/47      AC:  5    Str: 16    XL:     6   Next: 4%
Magic:  6/6        EV: 10    Int: 11    God:
Gold:   181        SH:  3    Dex: 12    Spells: 5/5 levels left

rFire    . . .     SeeInvis .   x - +1 war axe
rCold    . . .     Gourm    .   n - +0 buckler
rNeg     + . .     Faith    .   q - +0 ring mail
rPois    .         Spirit   .   (no helmet)
rElec    .         Reflect  .   (no cloak)
rCorr    .         Harm     +   (no gloves)
MR       .....                  (no boots)
Stlth    +.........             u - amulet of harm (curse)
HPRegen  0.15/turn              c - ring of positive energy (curse)
MPRegen  0.10/turn              (no ring)

@: slow
A: +LOS, swims, slowness 1, strong legs 1
a: Hop


You were on level 3 of the Dungeon.
You were not hungry.

You visited 1 branch of the dungeon, and saw 3 of its levels.

You collected 181 gold pieces.

Inventory:

Hand Weapons
 a - a +1 hand crossbow
 x - a +1 war axe (weapon)
Missiles
 d - 58 bolts
Armour
 n - a +0 buckler (worn)
 q - a +0 ring mail (worn)
 r - a +0 plate armour
Jewellery
 c - a cursed ring of positive energy (left hand)
 u - a cursed amulet of harm (around neck)
Scrolls
 b - 2 scrolls of identify
 o - a scroll of fear
 p - a scroll of teleportation
Potions
 k - a potion of lignification {unknown}
Comestibles
 f - 2 bread rations
 i - 2 royal jellies
 t - 2 chunks of flesh


   Skills:
 - Level 3.2 Fighting
 * Level 4.7 Axes
 - Level 4.0 Crossbows
 - Level 3.1 Armour
 - Level 2.1 Dodging
 - Level 0.8 Stealth
 - Level 1.0 Shields


You had 5 spell levels left.
You didn't know any spells.

Dungeon Overview and Level Annotations

Branches:
Dungeon (3/15)

Altars:


Innate Abilities, Weirdness & Mutations

Shadows flee at your approach. (+LOS)
You can swim through water.
You cover ground slowly.
You can hop short distances.


Message History

Unknown command.
You barely miss the goblin.
The goblin is moderately wounded.
The goblin hits you but does no damage. The gnoll misses you.
You hit the goblin.
The goblin is severely wounded.
The goblin hits you.
The gnoll hits you from afar with a halberd!
The goblin hits you but does no damage.
You hit the goblin.
You kill the goblin!
The gnoll barely misses you. The gnoll hits you with a halberd!
You hit the gnoll.
The gnoll is lightly wounded.
The gnoll hits you with a halberd!
You closely miss the gnoll.
The gnoll is lightly wounded.
The gnoll hits you with a halberd!
You die...

************* *,,,,,,,,,,,*
*,*********,* ***,,,,,,,,,,,*
,,,,,*********##### ,,,,,,,,,*
*,,,...#
,,,,,,,,.###.####.###############
,,,*,,,,.......g@................
,,,*,*,,...#.#...........###.....
,,,*,***,,,,,##.#.######.# #.###)
,,,*,* ***,,,...#...#..#.# #.# #.
,,,*,##############.#..#.###.# #.
,,,,>........................# #.
,,,**#############.......###.# #.
,,,* *,,+.......###.###. ,,,*
*,*#....#.......##.


You could see a gnoll.

Vanquished Creatures
  2 orc priests (D:3)
  An orc wizard (D:3)
  An iguana (D:3)
  4 gnolls
  An adder (D:3)
  2 worms
  3 dart slugs
  7 orcs (D:3)
  A ball python (D:2)
  8 bats
  2 giant cockroaches
  7 hobgoblins
  3 quokkas
  5 frilled lizards
  6 goblins
  4 kobolds
  2 rats (D:1)
59 creatures vanquished.

Notes
Turn   | Place    | Note
-------+----------+-------------------------------------------
     0 | D:1      | Blomdor the Barachi Hunter began the quest for the Orb.
     0 | D:1      | Reached XP level 1. HP: 17/17 MP: 1/1
    63 | D:1      | Reached skill level 1 in Armour
   112 | D:1      | Reached XP level 2. HP: 23/23 MP: 2/2
   340 | D:1      | Reached XP level 3. HP: 28/28 MP: 3/3
  1094 | D:2      | Reached skill level 1 in Shields
  1320 | D:3      | Reached XP level 4. HP: 35/35 MP: 4/4
  1323 | D:3      | Reached skill level 1 in Axes
  1430 | D:3      | Reached XP level 5. HP: 41/41 MP: 5/5
  1874 | D:3      | Reached XP level 6. HP: 38/47 MP: 6/6
  2027 | D:3      | Slain by a gnoll

Vault maps used:
D:1:      moated_graveyard_arrival, minmay_tree_intersection

Skill      XL: |  1  2  3  4  5 |
---------------+----------------+-----
Armour         | 2 3 |  3.1
Fighting       | 3 |  3.2
Shields        | 1 |  1.0
Axes           | 2 4 |  4.7
Crossbows      | |  4.0
Dodging        | |  2.1
Stealth        | |  0.8

Action                   |  1- 3 |  4- 6 || total
-------------------------+-------+-------++-------
Melee: War axe           |       |    39 ||    39
 Fire: Hand crossbow     |    70 |    37 ||   107
  Use: Scroll            |       |     8 ||     8
       Potion            |       |     1 ||     1
  Eat: Chunk             |     2 |     2 ||     4
Armor: Leather armour    |     1 |       ||     1
       Ring mail         |     2 |    29 ||    31
Dodge: Dodged            |     4 |    46 ||    50
Block: Buckler           |     2 |    10 ||    12

Table legend:
 A = Spawn XP
 B = Non-spawn XP
 C = Spawn XP percentage of total XP
 D = Spawn monster count
 E = Non-spawn monster count
 F = Spawn count percentage of total count
 G = Total turns spent on level
                    A         B        C        D         E        F      G
               +---------+---------+-------+---------+---------+-------+---------
         Total |      53 |     279 |  16.0 |       6 |      53 |  10.2 |  2027
               +---------+---------+-------+---------+---------+-------+---------
           D:1 |       2 |      49 |   3.9 |       1 |      21 |   4.5 |   628
           D:2 |       2 |      19 |   9.5 |       1 |       8 |  11.1 |   638
           D:3 |      49 |     211 |  18.8 |       4 |      24 |  14.3 |   761
               +---------+---------+-------+---------+---------+-------+---------
